[ AOE2 MATCH · #465110331 ]
UnrankedPersians vs Franks
[ REPLAY ANALYSIS · EXTRACTED FROM THE RECORDED GAME ]
Feudal
18:25
Castle
24:43
Imperial
45:50
| APM avg | 12.6 |
| APM peak | 47 |
| eAPM avg | 8.7 |
| Villagers / military | 109 / 30 |
Focus
⚔️ 17.5% · 🌾 82.5%
Cavalry Archer ×21 · Knight ×9 · Fishing Ship ×6
Feudal
15:36
Castle
27:00
Imperial
39:53
| APM avg | 20.4 |
| APM peak | 49 |
| eAPM avg | 11.0 |
| Villagers / military | 129 / 182 |
Focus
⚔️ 26.5% · 🌾 73.5%
Scout Cavalry ×154 · Tarkan ×25 · Fishing Ship ×11 · Demolition Raft ×3
Feudal
16:43
Castle
25:35
Imperial
—
| APM avg | 11.7 |
| APM peak | 34 |
| eAPM avg | 8.9 |
| Villagers / military | 90 / 49 |
Focus
⚔️ 24.5% · 🌾 75.5%
Knight ×23 · Spearman ×22 · Fishing Ship ×7 · Scout Cavalry ×4
Feudal
17:24
Castle
25:34
Imperial
41:58
| APM avg | 39.9 |
| APM peak | 91 |
| eAPM avg | 17.4 |
| Villagers / military | 173 / 69 |
Focus
⚔️ 21.9% · 🌾 78.1%
Fire Galley ×35 · Samurai ×34 · Unknown (2626) ×6
Feudal
13:43
Castle
—
Imperial
—
| APM avg | 5.4 |
| APM peak | 22 |
| eAPM avg | 2.7 |
| Villagers / military | 34 / 8 |
Focus
⚔️ 23.1% · 🌾 76.9%
Fire Galley ×4 · Fishing Ship ×4 · Galley ×3 · Unknown (2626) ×1 · Demolition Raft ×1
Feudal
13:11
Castle
26:28
Imperial
34:24
| APM avg | 14.3 |
| APM peak | 45 |
| eAPM avg | 10.0 |
| Villagers / military | 99 / 60 |
Focus
⚔️ 24.8% · 🌾 75.2%
Battle Elephant ×57 · Unknown (2626) ×12 · Fishing Ship ×5 · Trebuchet (Packed) ×3
Feudal
17:29
Castle
25:04
Imperial
42:25
| APM avg | 14.9 |
| APM peak | 51 |
| eAPM avg | 9.2 |
| Villagers / military | 104 / 83 |
Focus
⚔️ 20.5% · 🌾 79.5%
Samurai ×81 · Fishing Ship ×6 · Fire Galley ×2
Feudal
18:56
Castle
29:50
Imperial
44:21
| APM avg | 32.7 |
| APM peak | 92 |
| eAPM avg | 12.0 |
| Villagers / military | 131 / 58 |
Focus
⚔️ 20.2% · 🌾 79.8%
Organ Gun ×39 · Transport Ship ×8 · Fire Galley ×7 · Fishing Ship ×6 · Trade Cog ×5 · Monk ×3
Match map
Initial resources + every placement click. Lines = walls · curves = elevation contours. ◆ gold · ⬟ stone · ● berries · ✦ relic · ◌ wall gap
Your base· Open — unwalled flank
𐱅𐰇𐰼𐰚 TÜRK's base· Open — unwalled flank
Mescalito's base· Open — unwalled flank
mm_ken's base· Open — unwalled flank
COCO CARP's base· Open — unwalled flank
Like_2_win2's base· Open — unwalled flank
Graund's base· Open — unwalled flank
aydede86's base· Open — unwalled flank
Smoothed initial terrain · ◌ = detected wall gap · hover for details
Inputs per minute
— mistermabilis - - 𐱅𐰇𐰼𐰚 TÜRK
Build order — mistermabilis
First 150 of 262 actions detected
| 1:49 | Build | Town Center |
| 3:36 | Create | Villager (Male) |
| 3:37 | Create | Villager (Male) |
| 3:37 | Create | Villager (Male) |
| 3:37 | Create | Villager (Male) |
| 3:37 | Create | Villager (Male) |
| 3:38 | Create | Villager (Male) |
| 4:20 | Build | House |
| 4:33 | Build | House |
| 6:36 | Build | Mill |
| 6:59 | Research | Loom |
| 8:25 | Create | Villager (Male) |
| 8:46 | Create | Villager (Male) |
| 9:16 | Create | Villager (Male) |
| 9:32 | Create | Villager (Male) |
| 9:32 | Create | Villager (Male) |
| 9:49 | Build | House |
| 9:51 | Build | House |
| 10:18 | Build | Lumber Camp |
| 10:22 | Create | Villager (Male) |
| 10:23 | Create | Villager (Male) |
| 10:46 | Create | Villager (Male) |
| 10:46 | Create | Villager (Male) |
| 11:17 | Create | Villager (Male) |
| 11:17 | Create | Villager (Male) |
| 11:43 | Create | Villager (Male) |
| 12:05 | Create | Villager (Male) |
| 12:06 | Create | Villager (Male) |
| 12:06 | Create | Villager (Male) |
| 12:38 | Create | Villager (Male) |
| 12:39 | Create | Villager (Male) |
| 13:06 | Build | Dock |
| 13:20 | Create | Villager (Male) |
| 13:21 | Create | Villager (Male) |
| 13:21 | Create | Villager (Male) |
| 13:46 | Build | Mill |
| 13:57 | Create | Villager (Male) |
| 14:26 | Build | Mill |
| 14:40 | Create | Fishing Ship |
| 14:40 | Create | Fishing Ship |
| 14:41 | Create | Fishing Ship |
| 14:41 | Create | Fishing Ship |
| 14:41 | Create | Fishing Ship |
| 15:11 | Build | House |
| 15:13 | Build | House |
| 15:51 | Create | Villager (Male) |
| 16:22 | Research | Feudal Age |
| 16:33 | Create | Villager (Male) |
| 16:34 | Create | Villager (Male) |
| 17:02 | Build | House |
| 17:03 | Build | House |
| 17:05 | Build | House |
| 17:11 | Create | Fishing Ship |
| 17:46 | Build | Mill |
| 18:03 | Build | Barracks |
| 18:25 | Age | Feudal Age |
| 18:46 | Build | Blacksmith |
| 19:14 | Create | Villager (Male) |
| 19:15 | Create | Villager (Male) |
| 19:15 | Create | Villager (Male) |
| 20:13 | Build | Stable |
| 20:23 | Create | Villager (Male) |
| 20:24 | Create | Villager (Male) |
| 20:25 | Create | Villager (Male) |
| 20:25 | Create | Villager (Male) |
| 20:25 | Create | Villager (Male) |
| 20:33 | Research | Double-Bit Axe |
| 20:45 | Research | Horse Collar |
| 21:14 | Research | Castle Age |
| 21:29 | Build | Mill |
| 23:05 | Research | Wheelbarrow |
| 23:10 | Research | Bloodlines |
| 23:17 | Research | Scale Barding Armor |
| 23:18 | Research | Forging |
| 24:43 | Age | Castle Age |
| 24:49 | Build | Mining Camp |
| 25:18 | Create | Knight |
| 25:20 | Create | Knight |
| 25:21 | Create | Knight |
| 25:21 | Create | Knight |
| 25:22 | Create | Knight |
| 25:43 | Research | Husbandry |
| 26:00 | Build | Town Center |
| 26:07 | Research | Bow Saw |
| 26:12 | Research | Heavy Plow |
| 26:36 | Research | Hand Cart |
| 26:37 | Research | Town Watch |
| 26:45 | Create | Villager (Male) |
| 26:45 | Create | Villager (Male) |
| 27:12 | Create | Knight |
| 27:14 | Create | Knight |
| 27:16 | Create | Knight |
| 27:20 | Create | Knight |
| 27:23 | Research | Husbandry |
| 27:31 | Create | Villager (Male) |
| 27:32 | Create | Villager (Male) |
| 27:32 | Create | Villager (Male) |
| 27:32 | Create | Villager (Male) |
| 27:32 | Create | Villager (Male) |
| 28:15 | Build | Town Center |
| 28:36 | Create | Villager (Male) |
| 28:36 | Create | Villager (Male) |
| 28:36 | Create | Villager (Male) |
| 28:37 | Create | Villager (Male) |
| 29:38 | Create | Villager (Male) |
| 29:38 | Create | Villager (Male) |
| 29:38 | Create | Villager (Male) |
| 29:38 | Create | Villager (Male) |
| 29:50 | Build | Farm |
| 29:51 | Build | Farm |
| 29:51 | Build | Farm |
| 30:03 | Build | House |
| 30:04 | Build | House |
| 30:06 | Build | House |
| 30:07 | Build | House |
| 30:09 | Build | House |
| 30:15 | Research | Town Patrol |
| 33:43 | Create | Villager (Male) |
| 33:43 | Create | Villager (Male) |
| 33:44 | Create | Villager (Male) |
| 33:44 | Create | Villager (Male) |
| 33:44 | Create | Villager (Male) |
| 33:44 | Create | Villager (Male) |
| 33:45 | Create | Villager (Male) |
| 33:45 | Create | Villager (Male) |
| 33:45 | Create | Villager (Male) |
| 33:46 | Create | Villager (Male) |
| 33:46 | Create | Villager (Male) |
| 33:46 | Create | Villager (Male) |
| 33:47 | Create | Villager (Male) |
| 33:47 | Create | Villager (Male) |
| 34:21 | Build | Town Center |
| 34:28 | Create | Villager (Male) |
| 34:29 | Create | Villager (Male) |
| 34:29 | Create | Villager (Male) |
| 34:29 | Create | Villager (Male) |
| 34:29 | Create | Villager (Male) |
| 34:30 | Create | Villager (Male) |
| 34:30 | Create | Villager (Male) |
| 35:02 | Build | House |
| 35:05 | Build | House |
| 35:06 | Build | House |
| 35:07 | Build | House |
| 35:09 | Build | House |
| 35:10 | Build | House |
| 35:28 | Build | Farm |
| 35:28 | Build | Farm |
| 35:40 | Build | Farm |
| 35:41 | Build | Farm |
| 35:41 | Build | Farm |
Build order — 𐱅𐰇𐰼𐰚 TÜRK
First 150 of 305 actions detected
| 1:44 | Build | Town Center |
| 3:19 | Create | Villager (Male) ×4 |
| 3:19 | Create | Villager (Male) ×4 |
| 4:36 | Create | Villager (Male) |
| 4:36 | Create | Villager (Male) |
| 5:20 | Create | Villager (Male) |
| 5:20 | Create | Villager (Male) |
| 5:49 | Create | Villager (Male) |
| 5:49 | Create | Villager (Male) |
| 5:50 | Create | Villager (Male) |
| 6:26 | Create | Villager (Male) |
| 7:08 | Create | Villager (Male) |
| 7:08 | Create | Villager (Male) |
| 7:44 | Create | Villager (Male) |
| 8:16 | Build | Dock |
| 8:22 | Create | Villager (Male) |
| 8:22 | Create | Villager (Male) |
| 9:13 | Create | Villager (Male) |
| 9:14 | Create | Villager (Male) |
| 9:14 | Create | Villager (Male) |
| 9:23 | Create | Fishing Ship |
| 9:23 | Create | Fishing Ship |
| 9:24 | Create | Fishing Ship |
| 9:26 | Create | Fishing Ship |
| 10:09 | Create | Fishing Ship |
| 10:10 | Create | Fishing Ship |
| 10:14 | Create | Villager (Male) |
| 10:14 | Create | Villager (Male) |
| 10:14 | Create | Villager (Male) |
| 10:39 | Build | Mining Camp |
| 10:57 | Create | Fishing Ship |
| 11:59 | Create | Villager (Male) |
| 12:36 | Create | Villager (Male) |
| 12:37 | Create | Villager (Male) |
| 12:58 | Build | Barracks |
| 13:23 | Research | Feudal Age |
| 13:40 | Create | Fishing Ship |
| 13:53 | Create | Villager (Male) |
| 13:53 | Create | Villager (Male) |
| 13:54 | Create | Villager (Male) |
| 14:44 | Build | Mill |
| 15:10 | Build | Mill |
| 15:20 | Create | Villager (Male) |
| 15:36 | Age | Feudal Age |
| 15:40 | Build | Stable |
| 15:49 | Build | Stable |
| 16:38 | Build | Lumber Camp |
| 17:01 | Create | Scout Cavalry |
| 17:01 | Create | Scout Cavalry |
| 17:05 | Research | Bloodlines |
| 17:06 | Create | Scout Cavalry |
| 17:07 | Create | Scout Cavalry |
| 17:13 | Create | Scout Cavalry |
| 17:13 | Create | Scout Cavalry |
| 17:13 | Create | Scout Cavalry |
| 17:14 | Create | Scout Cavalry |
| 17:14 | Create | Scout Cavalry |
| 17:43 | Build | Stable |
| 17:53 | Create | Scout Cavalry ×4 |
| 17:54 | Create | Scout Cavalry ×4 |
| 18:22 | Build | Blacksmith |
| 18:25 | Create | Villager (Male) |
| 18:25 | Create | Villager (Male) |
| 18:25 | Create | Villager (Male) |
| 18:26 | Create | Villager (Male) |
| 18:26 | Create | Villager (Male) |
| 18:26 | Create | Villager (Male) |
| 18:36 | Create | Scout Cavalry |
| 18:36 | Create | Scout Cavalry |
| 19:08 | Create | Demolition Raft |
| 19:08 | Create | Demolition Raft |
| 19:08 | Create | Demolition Raft |
| 19:13 | Create | Fishing Ship |
| 19:13 | Create | Fishing Ship |
| 19:13 | Create | Fishing Ship |
| 19:17 | Research | Tech 906 |
| 20:06 | Research | Forging |
| 20:16 | Research | Scale Barding Armor |
| 21:05 | Create | Scout Cavalry ×5 |
| 21:06 | Create | Scout Cavalry ×5 |
| 21:06 | Create | Scout Cavalry ×3 |
| 21:09 | Create | Villager (Male) |
| 21:10 | Create | Villager (Male) |
| 21:21 | Build | Farm |
| 21:22 | Build | Farm |
| 21:22 | Build | Farm |
| 21:23 | Build | Farm |
| 21:25 | Build | Farm |
| 21:26 | Build | Farm |
| 21:27 | Build | Farm |
| 21:28 | Build | Farm |
| 21:36 | Build | Farm |
| 21:37 | Build | Farm |
| 21:48 | Create | Villager (Male) |
| 21:48 | Create | Villager (Male) |
| 21:50 | Create | Villager (Male) |
| 22:07 | Research | Forging |
| 22:12 | Create | Villager (Male) |
| 23:13 | Create | Villager (Male) |
| 23:30 | Build | Lumber Camp |
| 23:49 | Build | Mill |
| 24:07 | Build | Mill |
| 24:17 | Create | Villager (Male) |
| 24:19 | Research | Castle Age |
| 24:57 | Create | Villager (Male) |
| 25:00 | Research | Wheelbarrow |
| 25:01 | Create | Villager (Male) |
| 25:01 | Create | Villager (Male) |
| 25:03 | Research | Double-Bit Axe |
| 25:06 | Research | Horse Collar |
| 25:15 | Research | Gold Mining |
| 25:16 | Research | Stone Mining |
| 25:31 | Build | Mining Camp |
| 27:00 | Age | Castle Age |
| 27:44 | Research | Chain Barding Armor |
| 27:44 | Research | Iron Casting |
| 27:46 | Create | Villager (Male) |
| 27:58 | Build | Town Center |
| 28:07 | Create | Scout Cavalry ×5 |
| 28:07 | Create | Scout Cavalry ×5 |
| 28:08 | Create | Scout Cavalry |
| 29:50 | Create | Villager (Male) |
| 29:51 | Create | Villager (Male) |
| 29:51 | Create | Villager (Male) |
| 29:51 | Create | Villager (Male) |
| 29:52 | Create | Villager (Male) |
| 29:52 | Create | Villager (Male) |
| 29:53 | Create | Villager (Male) |
| 30:06 | Create | Villager (Male) |
| 30:06 | Create | Villager (Male) |
| 30:06 | Create | Villager (Male) |
| 30:23 | Build | Farm |
| 30:24 | Build | Farm |
| 30:24 | Build | Farm |
| 30:25 | Build | Farm |
| 30:26 | Build | Farm |
| 30:33 | Create | Villager (Male) |
| 30:33 | Create | Villager (Male) |
| 30:33 | Create | Villager (Male) |
| 30:35 | Research | Bow Saw |
| 30:38 | Research | Heavy Plow |
| 30:46 | Build | Farm |
| 30:46 | Build | Farm |
| 30:47 | Build | Farm |
| 30:47 | Build | Farm |
| 30:47 | Build | Farm |
| 31:00 | Research | Gold Shaft Mining |
| 31:15 | Build | Farm |
| 31:19 | Build | Farm |
| 31:31 | Build | Farm |
Build order — Mescalito
First 150 of 225 actions detected
| 2:10 | Build | Town Center |
| 2:32 | Build | Dock |
| 2:54 | Build | House |
| 2:56 | Build | House |
| 3:49 | Create | Villager (Male) |
| 3:49 | Create | Villager (Male) |
| 3:49 | Create | Villager (Male) |
| 3:50 | Create | Villager (Male) |
| 3:50 | Create | Villager (Male) |
| 3:51 | Research | Loom |
| 5:54 | Build | House |
| 6:03 | Create | Villager (Male) |
| 6:03 | Create | Villager (Male) |
| 6:22 | Build | House |
| 6:26 | Create | Villager (Male) |
| 6:26 | Create | Villager (Male) |
| 6:55 | Build | House |
| 7:02 | Create | Villager (Male) |
| 7:03 | Create | Villager (Male) |
| 7:26 | Build | House |
| 7:37 | Create | Villager (Male) |
| 7:37 | Create | Villager (Male) |
| 7:45 | Build | House |
| 8:21 | Create | Villager (Male) |
| 8:21 | Create | Villager (Male) |
| 8:28 | Create | Fishing Ship |
| 8:53 | Build | Lumber Camp |
| 9:01 | Create | Villager (Male) |
| 9:01 | Create | Villager (Male) |
| 9:49 | Create | Villager (Male) |
| 9:49 | Create | Villager (Male) |
| 10:27 | Create | Fishing Ship |
| 10:46 | Create | Villager (Male) |
| 10:53 | Create | Fishing Ship |
| 11:19 | Create | Fishing Ship |
| 11:26 | Create | Villager (Male) |
| 11:26 | Create | Villager (Male) |
| 11:54 | Create | Villager (Male) |
| 11:56 | Create | Villager (Male) |
| 12:47 | Create | Villager (Male) |
| 12:47 | Create | Villager (Male) |
| 14:33 | Research | Feudal Age |
| 14:34 | Create | Villager (Male) |
| 14:34 | Create | Villager (Male) |
| 14:43 | Create | Fishing Ship |
| 14:44 | Create | Fishing Ship |
| 14:44 | Create | Fishing Ship |
| 16:32 | Create | Villager (Male) |
| 16:33 | Create | Villager (Male) |
| 16:34 | Create | Villager (Male) |
| 16:34 | Create | Villager (Male) |
| 16:43 | Age | Feudal Age |
| 17:02 | Build | Mining Camp |
| 17:09 | Create | Villager (Male) |
| 17:19 | Build | Barracks |
| 17:25 | Build | House |
| 17:55 | Build | Palisade Gate |
| 18:03 | Build | Palisade Wall |
| 18:42 | Build | Blacksmith |
| 19:31 | Build | Mining Camp |
| 20:13 | Build | Mill |
| 20:38 | Build | Mining Camp |
| 21:01 | Research | Wheelbarrow |
| 21:07 | Create | Villager (Male) |
| 21:07 | Create | Villager (Male) |
| 21:11 | Research | Gold Mining |
| 21:12 | Research | Stone Mining |
| 21:15 | Research | Scale Barding Armor |
| 21:16 | Research | Forging |
| 21:29 | Research | Double-Bit Axe |
| 21:46 | Create | Villager (Male) |
| 21:48 | Research | Town Watch |
| 22:11 | Build | Market |
| 22:55 | Research | Castle Age |
| 23:37 | Create | Villager (Male) |
| 23:37 | Create | Villager (Male) |
| 23:38 | Create | Villager (Male) |
| 23:58 | Build | Stable |
| 24:04 | Build | Stable |
| 25:01 | Create | Scout Cavalry ×4 |
| 25:12 | Create | Villager (Male) |
| 25:12 | Create | Villager (Male) |
| 25:12 | Create | Villager (Male) |
| 25:35 | Age | Castle Age |
| 25:45 | Build | Stable |
| 25:52 | Research | Husbandry |
| 26:05 | Build | Farm |
| 26:08 | Build | Farm |
| 26:09 | Build | Farm |
| 26:16 | Create | Villager (Male) |
| 26:17 | Create | Villager (Male) |
| 26:18 | Create | Villager (Male) |
| 26:33 | Build | Town Center |
| 27:01 | Research | Bow Saw |
| 27:13 | Build | Lumber Camp |
| 27:46 | Build | Lumber Camp |
| 28:11 | Research | Pikeman (upgrade) |
| 28:12 | Research | Squires |
| 28:15 | Create | Spearman |
| 28:15 | Create | Spearman |
| 28:15 | Create | Spearman |
| 28:50 | Create | Knight |
| 28:50 | Create | Knight |
| 28:50 | Create | Knight |
| 29:36 | Create | Knight |
| 29:36 | Create | Knight |
| 29:36 | Create | Knight |
| 30:11 | Create | Spearman |
| 30:12 | Create | Spearman |
| 32:06 | Create | Spearman |
| 32:06 | Create | Spearman |
| 32:06 | Create | Spearman |
| 32:07 | Create | Spearman |
| 32:07 | Create | Spearman |
| 32:07 | Create | Spearman |
| 32:07 | Create | Spearman |
| 32:34 | Create | Villager (Male) |
| 32:40 | Create | Villager (Male) |
| 32:40 | Create | Villager (Male) |
| 32:54 | Build | Farm |
| 33:12 | Create | Villager (Male) |
| 33:12 | Create | Villager (Male) |
| 33:12 | Create | Villager (Male) |
| 33:13 | Create | Villager (Male) |
| 33:13 | Create | Villager (Male) |
| 33:13 | Create | Villager (Male) |
| 33:43 | Build | Farm |
| 33:44 | Build | Farm |
| 33:46 | Build | Farm |
| 33:48 | Build | Farm |
| 33:56 | Create | Villager (Male) |
| 33:57 | Create | Villager (Male) |
| 34:02 | Create | Villager (Male) |
| 34:02 | Create | Villager (Male) |
| 34:14 | Create | Knight |
| 34:14 | Create | Knight |
| 34:49 | Create | Spearman ×5 |
| 34:52 | Create | Spearman |
| 34:53 | Create | Spearman |
| 35:07 | Build | Mill |
| 35:16 | Build | House |
| 35:19 | Build | House |
| 35:26 | Build | Palisade Gate |
| 35:43 | Build | House |
| 35:45 | Build | House |
| 36:04 | Create | Villager (Male) |
| 36:05 | Create | Villager (Male) |
| 36:05 | Create | Villager (Male) |
| 36:09 | Create | Villager (Male) |
| 36:09 | Create | Villager (Male) |
Build order — mm_ken
First 150 of 312 actions detected
| 3:09 | Build | Town Center |
| 3:54 | Build | Town Center |
| 5:41 | Create | Villager (Male) |
| 5:41 | Create | Villager (Male) |
| 5:41 | Create | Villager (Male) |
| 5:42 | Create | Villager (Male) |
| 6:12 | Build | House |
| 6:14 | Build | House |
| 6:59 | Build | Lumber Camp |
| 8:29 | Build | Mill |
| 9:43 | Create | Villager (Male) |
| 10:06 | Create | Villager (Male) |
| 10:06 | Create | Villager (Male) |
| 10:25 | Create | Villager (Male) |
| 10:25 | Create | Villager (Male) |
| 10:47 | Create | Villager (Male) |
| 10:47 | Create | Villager (Male) |
| 11:17 | Create | Villager (Male) |
| 11:17 | Create | Villager (Male) |
| 11:36 | Create | Villager (Male) |
| 11:36 | Create | Villager (Male) |
| 12:21 | Create | Villager (Male) |
| 12:21 | Create | Villager (Male) |
| 12:22 | Create | Villager (Male) |
| 12:22 | Create | Villager (Male) |
| 12:22 | Create | Villager (Male) |
| 12:41 | Build | House |
| 12:45 | Create | Villager (Male) |
| 12:46 | Create | Villager (Male) |
| 12:51 | Create | Villager (Male) |
| 12:52 | Create | Villager (Male) |
| 13:10 | Create | Villager (Male) |
| 13:10 | Create | Villager (Male) |
| 13:13 | Build | House |
| 13:18 | Create | Villager (Male) |
| 13:19 | Create | Villager (Male) |
| 13:32 | Create | Villager (Male) |
| 13:32 | Create | Villager (Male) |
| 13:33 | Create | Villager (Male) |
| 14:02 | Build | Mill |
| 14:08 | Create | Villager (Male) |
| 14:08 | Create | Villager (Male) |
| 14:09 | Create | Villager (Male) |
| 14:09 | Create | Villager (Male) |
| 14:25 | Research | Loom |
| 14:25 | Research | Feudal Age |
| 15:12 | Create | Villager (Male) |
| 15:13 | Create | Villager (Male) |
| 15:13 | Create | Villager (Male) |
| 15:13 | Create | Villager (Male) |
| 15:13 | Create | Villager (Male) |
| 15:47 | Create | Villager (Male) |
| 15:47 | Create | Villager (Male) |
| 15:47 | Create | Villager (Male) |
| 16:30 | Create | Villager (Male) |
| 16:30 | Create | Villager (Male) |
| 16:30 | Create | Villager (Male) |
| 17:03 | Create | Villager (Male) |
| 17:04 | Create | Villager (Male) |
| 17:04 | Create | Villager (Male) |
| 17:04 | Create | Villager (Male) |
| 17:04 | Create | Villager (Male) |
| 17:24 | Age | Feudal Age |
| 17:29 | Build | Blacksmith |
| 18:43 | Create | Villager (Male) |
| 18:43 | Create | Villager (Male) |
| 18:44 | Create | Villager (Male) |
| 18:44 | Create | Villager (Male) |
| 19:49 | Research | Double-Bit Axe |
| 19:58 | Build | House |
| 20:00 | Build | House |
| 20:15 | Create | Villager (Male) |
| 20:16 | Create | Villager (Male) |
| 20:16 | Create | Villager (Male) |
| 20:22 | Create | Villager (Male) |
| 20:22 | Create | Villager (Male) |
| 20:22 | Create | Villager (Male) |
| 20:23 | Create | Villager (Male) |
| 20:47 | Build | Mill |
| 21:05 | Research | Town Watch |
| 21:08 | Create | Villager (Male) |
| 21:08 | Create | Villager (Male) |
| 21:09 | Create | Villager (Male) |
| 21:31 | Build | Market |
| 21:49 | Research | Scale Mail Armor |
| 21:49 | Research | Forging |
| 22:40 | Build | Mining Camp |
| 22:54 | Research | Castle Age |
| 23:06 | Research | Stone Mining |
| 23:21 | Research | Horse Collar |
| 23:26 | Research | Scale Barding Armor |
| 23:36 | Research | Gold Mining |
| 23:43 | Build | Barracks |
| 23:55 | Build | Mining Camp |
| 24:10 | Build | Mill |
| 24:28 | Research | Arson |
| 24:59 | Build | House |
| 25:00 | Build | House |
| 25:01 | Build | House |
| 25:02 | Build | House |
| 25:34 | Age | Castle Age |
| 25:52 | Build | Castle |
| 26:14 | Build | Castle |
| 26:16 | Build | Mining Camp |
| 26:30 | Create | Villager (Male) |
| 26:30 | Create | Villager (Male) |
| 26:31 | Create | Villager (Male) |
| 26:31 | Create | Villager (Male) |
| 26:44 | Create | Villager (Male) |
| 26:44 | Create | Villager (Male) |
| 26:45 | Create | Villager (Male) |
| 26:45 | Create | Villager (Male) |
| 26:45 | Create | Villager (Male) |
| 26:46 | Create | Villager (Male) |
| 26:55 | Research | Squires |
| 27:01 | Create | Villager (Male) |
| 27:01 | Create | Villager (Male) |
| 27:01 | Create | Villager (Male) |
| 27:02 | Create | Villager (Male) |
| 27:06 | Create | Villager (Male) |
| 27:06 | Create | Villager (Male) |
| 27:06 | Create | Villager (Male) |
| 27:06 | Create | Villager (Male) |
| 27:07 | Create | Villager (Male) |
| 27:22 | Research | Chain Mail Armor |
| 27:22 | Research | Chain Mail Armor |
| 27:22 | Research | Chain Mail Armor |
| 27:31 | Build | Mill |
| 28:02 | Create | Villager (Male) |
| 28:03 | Create | Villager (Male) |
| 28:03 | Create | Villager (Male) |
| 28:45 | Research | Iron Casting |
| 28:45 | Research | Iron Casting |
| 28:45 | Research | Iron Casting |
| 29:21 | Create | Samurai |
| 29:21 | Create | Samurai |
| 29:22 | Create | Samurai |
| 29:22 | Create | Samurai |
| 29:22 | Create | Samurai |
| 29:48 | Research | Bow Saw |
| 30:01 | Create | Samurai |
| 30:01 | Create | Samurai |
| 30:02 | Create | Samurai |
| 30:02 | Create | Samurai |
| 30:39 | Create | Samurai |
| 30:39 | Create | Samurai |
| 30:39 | Create | Samurai |
| 30:46 | Create | Villager (Male) |
| 30:47 | Create | Villager (Male) |
| 30:47 | Create | Villager (Male) |
Build order — COCO CARP
63 actions detected in the replay
| 1:23 | Build | Town Center |
| 3:08 | Create | Villager (Male) |
| 3:09 | Create | Villager (Male) |
| 3:09 | Create | Villager (Male) |
| 3:09 | Create | Villager (Male) |
| 3:11 | Build | House |
| 3:27 | Research | Loom |
| 3:28 | Create | Villager (Male) |
| 3:28 | Create | Villager (Male) |
| 3:41 | Build | House |
| 3:59 | Create | Villager (Male) |
| 4:00 | Create | Villager (Male) |
| 4:09 | Build | House |
| 4:52 | Create | Villager (Male) |
| 5:03 | Create | Villager (Male) |
| 5:03 | Create | Villager (Male) |
| 5:09 | Build | House |
| 5:41 | Create | Villager (Male) |
| 5:41 | Create | Villager (Male) |
| 5:59 | Build | Lumber Camp |
| 6:31 | Create | Villager (Male) |
| 7:05 | Create | Villager (Male) |
| 7:06 | Create | Villager (Male) |
| 7:44 | Create | Villager (Male) |
| 8:10 | Create | Villager (Male) |
| 8:25 | Create | Villager (Male) |
| 8:34 | Create | Villager (Male) |
| 9:22 | Create | Villager (Male) |
| 10:15 | Build | Dock |
| 10:57 | Build | Mill |
| 11:33 | Research | Feudal Age |
| 11:42 | Create | Fishing Ship |
| 11:43 | Create | Fishing Ship |
| 12:22 | Build | House |
| 12:25 | Build | House |
| 12:51 | Create | Fishing Ship |
| 13:17 | Build | House |
| 13:32 | Create | Fishing Ship |
| 13:43 | Age | Feudal Age |
| 14:02 | Build | Mining Camp |
| 14:06 | Create | Villager (Male) |
| 14:07 | Create | Villager (Male) |
| 14:23 | Create | Villager (Male) |
| 14:23 | Create | Villager (Male) |
| 14:23 | Create | Villager (Male) |
| 14:53 | Create | Fire Galley |
| 15:03 | Create | Villager (Male) |
| 15:03 | Create | Villager (Male) |
| 15:03 | Create | Villager (Male) |
| 15:53 | Build | Mining Camp |
| 15:57 | Create | Villager (Male) |
| 15:57 | Create | Villager (Male) |
| 17:11 | Create | Villager (Male) |
| 17:42 | Create | Unit 2626 |
| 18:33 | Create | Fire Galley |
| 18:43 | Create | Demolition Raft |
| 19:03 | Create | Fire Galley |
| 19:48 | Create | Villager (Male) |
| 19:48 | Create | Villager (Male) |
| 20:00 | Create | Fire Galley |
| 21:04 | Create | Galley |
| 21:05 | Create | Galley |
| 22:24 | Create | Galley |
Build order — Like_2_win2
First 150 of 292 actions detected
| 1:28 | Build | Town Center |
| 1:48 | Build | House |
| 2:39 | Build | Dock |
| 3:24 | Create | Villager (Male) |
| 3:24 | Create | Villager (Male) |
| 3:24 | Create | Villager (Male) |
| 3:32 | Create | Villager (Male) |
| 4:01 | Research | Loom |
| 5:07 | Build | House |
| 5:24 | Create | Villager (Male) |
| 5:24 | Create | Villager (Male) |
| 5:40 | Create | Fishing Ship |
| 6:33 | Create | Fishing Ship |
| 6:53 | Create | Villager (Male) |
| 6:54 | Create | Villager (Male) |
| 6:54 | Create | Villager (Male) |
| 7:02 | Build | House |
| 7:23 | Create | Villager (Male) |
| 8:11 | Create | Villager (Male) |
| 8:28 | Create | Villager (Male) |
| 8:57 | Create | Villager (Male) |
| 8:57 | Create | Villager (Male) |
| 9:16 | Build | Mill |
| 9:26 | Create | Villager (Male) |
| 9:33 | Create | Fishing Ship |
| 10:05 | Build | House |
| 10:45 | Create | Villager (Male) |
| 11:00 | Create | Fishing Ship |
| 11:19 | Create | Villager (Male) |
| 11:53 | Research | Feudal Age |
| 12:16 | Build | Lumber Camp |
| 12:53 | Create | Fishing Ship |
| 13:11 | Age | Feudal Age |
| 14:08 | Research | Wheelbarrow |
| 14:29 | Build | Farm |
| 14:34 | Build | Farm |
| 14:35 | Build | Farm |
| 14:45 | Build | Mining Camp |
| 14:50 | Research | Horse Collar |
| 15:02 | Build | House |
| 15:11 | Research | Town Watch |
| 15:21 | Research | Double-Bit Axe |
| 15:29 | Create | Villager (Male) |
| 15:30 | Create | Villager (Male) |
| 16:25 | Create | Unit 2626 |
| 16:26 | Create | Unit 2626 |
| 17:01 | Create | Villager (Male) |
| 17:01 | Create | Villager (Male) |
| 17:01 | Create | Villager (Male) |
| 17:02 | Create | Villager (Male) |
| 17:18 | Research | Gold Mining |
| 17:26 | Create | Unit 2626 |
| 17:37 | Create | Villager (Male) |
| 17:48 | Build | House |
| 17:55 | Build | House |
| 18:07 | Build | Blacksmith |
| 18:11 | Create | Villager (Male) |
| 18:56 | Create | Unit 2626 |
| 19:22 | Research | Forging |
| 19:31 | Create | Villager (Male) |
| 19:47 | Build | Barracks |
| 19:59 | Create | Unit 2626 |
| 20:23 | Create | Villager (Male) |
| 21:00 | Create | Unit 2626 |
| 21:30 | Build | Stable |
| 21:33 | Create | Villager (Male) |
| 22:14 | Create | Villager (Male) |
| 22:15 | Create | Villager (Male) |
| 22:27 | Research | Padded Archer Armor |
| 23:52 | Build | Farm |
| 24:01 | Build | Farm |
| 24:05 | Build | Farm |
| 24:07 | Build | Farm |
| 24:18 | Build | Farm |
| 24:24 | Build | Farm |
| 24:27 | Create | Villager (Male) |
| 24:40 | Build | Farm |
| 24:46 | Research | Castle Age |
| 25:19 | Build | Dock |
| 25:52 | Build | Watch Tower |
| 25:59 | Build | House |
| 26:19 | Create | Unit 2626 |
| 26:19 | Create | Unit 2626 |
| 26:28 | Age | Castle Age |
| 26:37 | Research | Hand Cart |
| 27:26 | Build | Castle |
| 27:45 | Create | Unit 2626 |
| 28:44 | Build | Town Center |
| 28:54 | Create | Villager (Male) |
| 28:55 | Create | Villager (Male) |
| 28:55 | Create | Villager (Male) |
| 28:55 | Create | Villager (Male) |
| 28:56 | Create | Villager (Male) |
| 29:07 | Build | Town Center |
| 29:54 | Create | Unit 2626 |
| 29:54 | Create | Unit 2626 |
| 30:34 | Build | Town Center |
| 30:45 | Create | Villager (Male) |
| 30:45 | Create | Villager (Male) |
| 30:45 | Create | Villager (Male) |
| 30:45 | Create | Villager (Male) |
| 31:16 | Create | Unit 2626 |
| 32:30 | Research | Imperial Age |
| 32:36 | Create | Villager (Male) |
| 32:36 | Create | Villager (Male) |
| 32:37 | Create | Villager (Male) |
| 32:37 | Create | Villager (Male) |
| 32:37 | Create | Villager (Male) |
| 32:37 | Create | Villager (Male) |
| 32:59 | Create | Villager (Male) |
| 33:10 | Create | Villager (Male) |
| 33:11 | Create | Villager (Male) |
| 33:11 | Create | Villager (Male) |
| 33:11 | Create | Villager (Male) |
| 33:11 | Create | Villager (Male) |
| 33:27 | Create | Villager (Male) |
| 33:27 | Create | Villager (Male) |
| 33:47 | Create | Villager (Male) |
| 33:47 | Create | Villager (Male) |
| 34:12 | Create | Villager (Male) |
| 34:24 | Age | Imperial Age |
| 34:25 | Create | Villager (Male) |
| 34:51 | Create | Villager (Male) |
| 34:51 | Create | Villager (Male) |
| 35:02 | Create | Villager (Male) |
| 35:02 | Create | Villager (Male) |
| 35:07 | Build | Farm |
| 35:35 | Build | Lumber Camp |
| 36:02 | Create | Villager (Male) |
| 36:03 | Create | Villager (Male) |
| 36:03 | Create | Villager (Male) |
| 36:03 | Create | Villager (Male) |
| 36:09 | Build | Farm |
| 36:13 | Build | Farm |
| 36:22 | Build | Farm |
| 36:28 | Build | Farm |
| 36:29 | Build | Farm |
| 36:30 | Build | Farm |
| 36:36 | Build | Farm |
| 36:38 | Build | Farm |
| 36:51 | Create | Villager (Male) |
| 36:51 | Create | Villager (Male) |
| 37:31 | Research | Heavy Plow |
| 37:36 | Research | Gold Shaft Mining |
| 37:41 | Create | Villager (Male) |
| 37:41 | Create | Villager (Male) |
| 37:41 | Create | Villager (Male) |
| 37:41 | Create | Villager (Male) |
| 37:51 | Build | Farm |
| 37:55 | Build | Farm |
Build order — Graund
First 150 of 260 actions detected
| 3:17 | Build | Town Center |
| 5:03 | Create | Villager (Male) |
| 5:03 | Create | Villager (Male) |
| 5:04 | Create | Villager (Male) |
| 5:11 | Build | House |
| 5:15 | Build | House |
| 5:38 | Create | Villager (Male) |
| 5:38 | Create | Villager (Male) |
| 6:10 | Build | House |
| 7:11 | Create | Villager (Male) |
| 7:11 | Create | Villager (Male) |
| 7:42 | Create | Villager (Male) |
| 7:42 | Create | Villager (Male) |
| 8:13 | Create | Villager (Male) |
| 8:13 | Create | Villager (Male) |
| 8:39 | Create | Villager (Male) |
| 8:48 | Create | Villager (Male) |
| 8:48 | Create | Villager (Male) |
| 9:12 | Build | Dock |
| 9:40 | Create | Villager (Male) |
| 9:40 | Create | Villager (Male) |
| 10:15 | Create | Fishing Ship |
| 10:19 | Create | Villager (Male) |
| 10:20 | Create | Villager (Male) |
| 10:41 | Create | Villager (Male) |
| 10:46 | Create | Villager (Male) |
| 10:47 | Create | Villager (Male) |
| 11:15 | Build | Lumber Camp |
| 11:30 | Create | Villager (Male) |
| 11:30 | Create | Villager (Male) |
| 11:31 | Create | Villager (Male) |
| 11:46 | Build | House |
| 11:48 | Build | House |
| 12:26 | Create | Villager (Male) |
| 12:27 | Create | Villager (Male) |
| 12:43 | Build | House |
| 13:02 | Build | Mill |
| 13:08 | Create | Villager (Male) |
| 13:09 | Create | Villager (Male) |
| 13:14 | Create | Fishing Ship |
| 13:53 | Create | Villager (Male) |
| 14:03 | Create | Fishing Ship |
| 14:27 | Create | Villager (Male) |
| 14:54 | Create | Fishing Ship |
| 15:19 | Research | Feudal Age |
| 15:46 | Build | Mining Camp |
| 16:42 | Create | Fishing Ship |
| 16:45 | Create | Fishing Ship |
| 17:03 | Build | Farm |
| 17:03 | Build | Farm |
| 17:04 | Build | Farm |
| 17:05 | Build | Farm |
| 17:27 | Build | Farm |
| 17:29 | Age | Feudal Age |
| 17:35 | Create | Villager (Male) |
| 17:35 | Create | Villager (Male) |
| 17:35 | Create | Villager (Male) |
| 17:52 | Research | Wheelbarrow |
| 18:16 | Build | House |
| 18:18 | Build | House |
| 18:45 | Build | Mining Camp |
| 19:16 | Build | Farm |
| 19:30 | Build | Farm |
| 19:31 | Build | Farm |
| 19:58 | Research | Tech 906 |
| 20:05 | Research | Double-Bit Axe |
| 20:33 | Research | Horse Collar |
| 20:51 | Build | Blacksmith |
| 21:19 | Create | Villager (Male) |
| 21:30 | Build | Market |
| 21:41 | Create | Villager (Male) |
| 22:24 | Research | Castle Age |
| 22:24 | Research | Castle Age |
| 22:44 | Research | Stone Mining |
| 22:47 | Research | Gold Mining |
| 23:25 | Create | Fire Galley |
| 23:26 | Create | Fire Galley |
| 25:04 | Age | Castle Age |
| 25:33 | Build | Town Center |
| 25:48 | Build | Town Center |
| 25:53 | Research | Hand Cart |
| 26:32 | Research | Gold Shaft Mining |
| 26:59 | Build | Farm |
| 27:10 | Research | Heavy Plow |
| 27:15 | Create | Villager (Male) |
| 27:15 | Create | Villager (Male) |
| 27:15 | Create | Villager (Male) |
| 27:15 | Create | Villager (Male) |
| 27:20 | Create | Villager (Male) |
| 27:21 | Create | Villager (Male) |
| 27:21 | Create | Villager (Male) |
| 27:37 | Build | Castle |
| 27:52 | Create | Villager (Male) |
| 27:52 | Create | Villager (Male) |
| 27:58 | Create | Villager (Male) |
| 27:58 | Create | Villager (Male) |
| 27:59 | Create | Villager (Male) |
| 27:59 | Create | Villager (Male) |
| 28:10 | Create | Villager (Male) |
| 28:10 | Create | Villager (Male) |
| 28:14 | Create | Villager (Male) |
| 28:53 | Create | Villager (Male) |
| 28:53 | Create | Villager (Male) |
| 29:36 | Build | Mining Camp |
| 29:42 | Create | Villager (Male) |
| 29:42 | Create | Villager (Male) |
| 29:44 | Create | Villager (Male) |
| 29:45 | Create | Villager (Male) |
| 29:46 | Create | Villager (Male) |
| 29:46 | Create | Villager (Male) |
| 29:56 | Build | Mining Camp |
| 30:10 | Build | Town Center |
| 30:34 | Build | House |
| 30:36 | Build | House |
| 30:38 | Build | House |
| 30:39 | Build | House |
| 30:42 | Build | House |
| 30:48 | Create | Villager (Male) |
| 30:48 | Create | Villager (Male) |
| 31:04 | Create | Samurai |
| 31:04 | Create | Samurai |
| 31:05 | Create | Samurai |
| 31:05 | Create | Samurai |
| 31:07 | Research | Forging |
| 31:08 | Research | Scale Mail Armor |
| 31:19 | Create | Samurai |
| 31:19 | Create | Samurai |
| 31:58 | Create | Samurai |
| 31:58 | Create | Samurai |
| 31:58 | Create | Samurai |
| 32:04 | Research | Iron Casting |
| 33:40 | Create | Villager (Male) |
| 33:41 | Create | Villager (Male) |
| 33:41 | Create | Villager (Male) |
| 33:44 | Create | Villager (Male) |
| 33:44 | Create | Villager (Male) |
| 33:44 | Create | Villager (Male) |
| 33:45 | Create | Villager (Male) |
| 33:57 | Research | Chain Mail Armor |
| 34:30 | Build | Mining Camp |
| 34:34 | Build | University |
| 34:46 | Create | Villager (Male) |
| 34:46 | Create | Villager (Male) |
| 34:47 | Create | Villager (Male) |
| 34:47 | Create | Villager (Male) |
| 34:47 | Create | Villager (Male) |
| 34:47 | Create | Villager (Male) |
| 35:15 | Build | Farm |
| 35:19 | Build | Farm |
| 35:26 | Build | Farm |
Build order — aydede86
First 150 of 306 actions detected
| 2:56 | Build | Town Center |
| 4:41 | Build | House |
| 4:44 | Create | Villager (Male) |
| 4:44 | Create | Villager (Male) |
| 4:45 | Create | Villager (Male) |
| 4:45 | Create | Villager (Male) |
| 4:45 | Create | Villager (Male) |
| 4:45 | Create | Villager (Male) |
| 4:47 | Research | Loom |
| 5:11 | Build | House |
| 5:45 | Build | Lumber Camp |
| 5:46 | Create | Villager (Male) |
| 5:47 | Create | Villager (Male) |
| 6:30 | Create | Villager (Male) |
| 6:30 | Create | Villager (Male) |
| 7:13 | Create | Villager (Male) |
| 7:13 | Create | Villager (Male) |
| 7:13 | Create | Villager (Male) |
| 7:14 | Create | Villager (Male) |
| 7:46 | Build | House |
| 7:48 | Create | Villager (Male) |
| 7:48 | Create | Villager (Male) |
| 8:31 | Create | Villager (Male) |
| 8:31 | Create | Villager (Male) |
| 9:09 | Create | Villager (Male) |
| 9:09 | Create | Villager (Male) |
| 9:43 | Create | Villager (Male) |
| 9:43 | Create | Villager (Male) |
| 9:43 | Create | Villager (Male) |
| 10:02 | Build | Dock |
| 10:10 | Create | Villager (Male) |
| 10:10 | Create | Villager (Male) |
| 10:10 | Create | Villager (Male) |
| 10:10 | Create | Villager (Male) |
| 10:21 | Build | House |
| 10:35 | Create | Villager (Male) |
| 10:36 | Create | Villager (Male) |
| 10:36 | Create | Villager (Male) |
| 10:44 | Build | House |
| 10:47 | Create | Fishing Ship |
| 10:54 | Create | Villager (Male) |
| 10:54 | Create | Villager (Male) |
| 10:55 | Create | Villager (Male) |
| 11:05 | Build | House |
| 11:07 | Create | Villager (Male) |
| 11:07 | Create | Villager (Male) |
| 11:13 | Build | Mining Camp |
| 11:38 | Build | House |
| 11:42 | Create | Villager (Male) |
| 11:42 | Create | Villager (Male) |
| 11:42 | Create | Villager (Male) |
| 11:42 | Create | Villager (Male) |
| 12:06 | Create | Fishing Ship |
| 12:40 | Build | Mill |
| 12:41 | Create | Villager (Male) |
| 12:41 | Create | Villager (Male) |
| 12:43 | Create | Villager (Male) |
| 12:43 | Create | Villager (Male) |
| 12:53 | Create | Villager (Male) |
| 12:53 | Create | Villager (Male) |
| 14:14 | Create | Villager (Male) |
| 14:15 | Create | Villager (Male) |
| 14:15 | Create | Villager (Male) |
| 14:15 | Create | Villager (Male) |
| 15:40 | Create | Villager (Male) |
| 15:40 | Create | Villager (Male) |
| 16:37 | Build | Mill |
| 16:46 | Research | Feudal Age |
| 16:46 | Research | Feudal Age |
| 18:13 | Build | House |
| 18:56 | Age | Feudal Age |
| 18:57 | Research | Wheelbarrow |
| 19:13 | Build | Dock |
| 19:22 | Build | House |
| 19:36 | Create | Fire Galley |
| 19:36 | Create | Fire Galley |
| 19:42 | Create | Fire Galley |
| 19:42 | Create | Fire Galley |
| 19:48 | Build | Dock |
| 19:51 | Create | Villager (Male) |
| 19:52 | Create | Villager (Male) |
| 19:52 | Create | Villager (Male) |
| 19:52 | Create | Villager (Male) |
| 19:58 | Build | House |
| 20:16 | Create | Fire Galley |
| 20:16 | Create | Fire Galley |
| 20:22 | Build | Mining Camp |
| 20:37 | Create | Fishing Ship |
| 20:37 | Create | Fishing Ship |
| 20:40 | Create | Transport Ship |
| 20:43 | Create | Fishing Ship |
| 20:43 | Create | Fishing Ship |
| 21:11 | Build | Farm |
| 21:13 | Build | Farm |
| 21:21 | Build | Farm |
| 21:22 | Create | Villager (Male) |
| 21:24 | Create | Villager (Male) |
| 21:37 | Create | Villager (Male) |
| 21:37 | Create | Villager (Male) |
| 22:07 | Build | Blacksmith |
| 22:10 | Create | Villager (Male) |
| 22:56 | Create | Fire Galley |
| 24:35 | Create | Villager (Male) |
| 24:35 | Create | Villager (Male) |
| 24:36 | Create | Villager (Male) |
| 24:52 | Build | Market |
| 25:08 | Build | House |
| 25:09 | Build | House |
| 25:15 | Research | Double-Bit Axe |
| 25:15 | Research | Double-Bit Axe |
| 25:17 | Research | Horse Collar |
| 25:17 | Research | Horse Collar |
| 25:27 | Create | Transport Ship |
| 26:42 | Build | Lumber Camp |
| 26:45 | Build | House |
| 26:46 | Build | House |
| 26:47 | Build | House |
| 27:10 | Research | Castle Age |
| 27:11 | Research | Castle Age |
| 27:11 | Research | Castle Age |
| 27:48 | Research | Scale Mail Armor |
| 27:48 | Research | Scale Mail Armor |
| 27:54 | Build | Mining Camp |
| 28:06 | Research | Tech 906 |
| 28:07 | Create | Transport Ship |
| 28:22 | Build | House |
| 28:25 | Build | House |
| 28:26 | Build | House |
| 28:27 | Build | House |
| 28:28 | Build | House |
| 28:51 | Create | Unit 2626 |
| 28:56 | Create | Galley |
| 29:08 | Create | Transport Ship |
| 29:10 | Create | Trade Cog |
| 29:16 | Create | Trade Cog |
| 29:19 | Create | Trade Cog |
| 29:50 | Age | Castle Age |
| 30:54 | Research | Hand Cart |
| 30:54 | Research | Hand Cart |
| 31:12 | Create | Villager (Male) |
| 33:39 | Create | Villager (Male) |
| 33:39 | Create | Villager (Male) |
| 33:40 | Create | Villager (Male) |
| 33:40 | Create | Villager (Male) |
| 33:40 | Create | Villager (Male) |
| 33:44 | Build | Town Center |
| 33:55 | Create | Transport Ship |
| 33:55 | Create | Transport Ship |
| 33:58 | Create | Transport Ship |
| 33:59 | Create | Transport Ship |
Match timeline
| 2:32 | Mescalito · first_building Dock |
| 2:39 | Like_2_win2 · first_building Dock |
| 8:16 | 𐱅𐰇𐰼𐰚 TÜRK · first_building Dock |
| 9:12 | Graund · first_building Dock |
| 10:02 | aydede86 · first_building Dock |
| 10:15 | COCO CARP · first_building Dock |
| 12:58 | 𐱅𐰇𐰼𐰚 TÜRK · first_building Barracks |
| 13:06 | mistermabilis · first_building Dock |
| 13:11 | Like_2_win2 · age_up feudal |
| 13:43 | COCO CARP · age_up feudal |
| 15:36 | 𐱅𐰇𐰼𐰚 TÜRK · age_up feudal |
| 15:40 | 𐱅𐰇𐰼𐰚 TÜRK · first_building Stable |
| 16:43 | Mescalito · age_up feudal |
| 17:19 | Mescalito · first_building Barracks |
| 17:24 | mm_ken · age_up feudal |
| 17:29 | Graund · age_up feudal |
| 18:03 | Mescalito · wall_segment Palisade Wall x4 |
| 18:03 | mistermabilis · first_building Barracks |
| 18:25 | mistermabilis · age_up feudal |
| 18:56 | aydede86 · age_up feudal |
| 19:47 | Like_2_win2 · first_building Barracks |
| 20:13 | mistermabilis · first_building Stable |
| 21:30 | Like_2_win2 · first_building Stable |
| 22:53 | COCO CARP · resign |
| 23:43 | mm_ken · first_building Barracks |
| 23:58 | Mescalito · first_building Stable |
| 24:43 | mistermabilis · age_up castle |
| 25:04 | Graund · age_up castle |
| 25:34 | mm_ken · age_up castle |
| 25:35 | Mescalito · age_up castle |
| 25:52 | mm_ken · first_building Castle |
| 26:28 | Like_2_win2 · age_up castle |
| 27:00 | 𐱅𐰇𐰼𐰚 TÜRK · age_up castle |
| 27:05 | Graund · first_market_buy 100 wood |
| 27:17 | mm_ken · first_market_sell 100 food |
| 27:26 | Like_2_win2 · first_building Castle |
| 27:37 | Graund · first_building Castle |
| 29:46 | mm_ken · first_market_buy 100 wood |
| 29:50 | aydede86 · age_up castle |
| 32:47 | 𐱅𐰇𐰼𐰚 TÜRK · first_building Castle |
| 34:24 | Like_2_win2 · age_up imperial |
| 34:58 | aydede86 · wall_segment Palisade Wall x2 |
| 35:20 | aydede86 · first_building Castle |
| 36:30 | mistermabilis · first_building Archery Range |
| 37:30 | Mescalito · wall_segment Palisade Wall x1 |
| 38:39 | Mescalito · first_building Castle |
| 39:53 | 𐱅𐰇𐰼𐰚 TÜRK · age_up imperial |
| 41:08 | mistermabilis · first_building Castle |
| 41:24 | 𐱅𐰇𐰼𐰚 TÜRK · first_market_sell 100 food |
| 41:43 | mistermabilis · first_building Monastery |
| 41:58 | mm_ken · age_up imperial |
| 42:08 | Mescalito · first_building Monastery |
| 42:25 | Graund · age_up imperial |
| 42:32 | aydede86 · wall_segment Stone Wall x8 |
| 43:16 | aydede86 · first_building Monastery |
| 44:19 | aydede86 · first_building Barracks |
| 44:21 | aydede86 · age_up imperial |
| 45:07 | mm_ken · first_building Dock |
| 45:50 | mistermabilis · age_up imperial |
[ AI ANALYSIS · 1 CREDIT ]
What really happened in this match?
Wolo.gg analyzes every decision: build order, eco, micro, common mistakes by bracket. Personalized analysis on WhatsApp or Discord in 30 seconds.
Civ guide
Persians
Perfil
Jugador #2544254